 Dungeon Crawl Stone Soup version 0.30.0-19-gbf45117a57 (webtiles) character file.

Game seed: 1359002039165682180

347 qw the Chopper (level 6, -4/38 HPs)
             Began as a Gargoyle Fighter on May 25, 2023.
             Slain by Dowan
             ... wielding a +0 dagger
              (6 damage)
             ... on level 5 of the Dungeon.
             The game lasted 00:01:26 (3379 turns).

qw the Chopper (Gargoyle Fighter)                   Turns: 3379, Time: 00:01:27

Health: -4/38      AC:  0    Str: 21    XL:     6   Next: 59%
Magic:  6/6        EV: 13    Int:  9    God:
Gold:   246        SH:  0    Dex:  9    Spells: 5/5 levels left

rFire   . . .        Y - melded +2 war axe (flame)
rCold   . . .        c - melded +0 buckler
rNeg    + . .        j - melded +0 chain mail
rPois   inf          f - melded +1 helmet
rElec   .            (cloak currently unavailable)
rCorr   .            a - melded +0 pair of gloves
SInv    .            (boots currently unavailable)
Will    .....        (no amulet)
Stlth   +            (ring currently unavailable)
HPRegen 0.26/turn    (ring currently unavailable)
MPRegen 0.10/turn

%: no passive effects
@: pig-form, very quick
A: fast, no casting, sickness immunity, AC +4, small, negative energy resistance
1, (electricity resistance), torment resistance 1, petrification resistance
a: no special abilities


You were on level 5 of the Dungeon.
You were a filthy swine.
You visited 1 branch of the dungeon, and saw 5 of its levels.

You collected 246 gold pieces.


Innate Abilities, Weirdness & Mutations

You are a filthy swine.
You move quickly.
Your equipment is almost entirely melded.
You are incapable of wielding weapons or throwing items.
You cannot cast spells.
You are immune to sickness and miasma.
((Your stone body is resilient. (AC +4)))
You are immune to poison.
You resist negative energy. (rN+)
((You are resistant to electric shocks. (rElec)))
You are resistant to unholy torment.
You are immune to petrification.


   Skills:
 - Level 4.1 Fighting
 + Level 5.8 Axes
 - Level 3.2 Armour
 - Level 3.2 Shields


You had 5 spell levels left.
You didn't know any spells.
Your spell library was empty.

Inventory:

Hand Weapons
 Y - a +2 war axe of flaming (melded)
Armour
 a - a +0 pair of gloves (melded)
 c - a +0 buckler (melded)
 f - a +1 helmet (melded)
 j - a +0 chain mail (melded)
Jewellery
 k - a ring of fire
Scrolls
 i - a scroll of identify
Potions
 d - 3 potions of might
 e - 3 potions of curing
 g - 2 potions of mutation
 h - 3 potions of heal wounds

Dungeon Overview and Level Annotations

Branches:
Dungeon (5/15)
 Temple: D:4-7

Altars:

Annotations:
D:3 1 runed translucent door, Crazy Yiuf
D:4 2 runed translucent doors, qw's ghost, amateur GrCA
D:5 Dowan; Duvessa


Message History

Duvessa hits you but does no damage.
You barely miss the black bear.
The black bear is heavily wounded.
You barely miss Duvessa. The black bear bites you.
The black bear barely misses you.
The black bear claws you but does no damage.
Duvessa barely misses you.
You hit the black bear. You burn the black bear.
The black bear is heavily wounded.
You hit Duvessa. You burn Duvessa. The black bear barely misses you. x2
The black bear claws you but does no damage.
Duvessa closely misses you.
You hit the black bear. You burn the black bear.
The black bear is severely wounded.
You slash Dowan! You burn Dowan. You hit Duvessa but do no damage.
The black bear goes berserk!
Duvessa hits you with a +1 short sword of protection.
Dowan hits you but does no damage. x2; The black bear bites you.
The black bear closely misses you. The black bear barely misses you.
Duvessa hits you but does no damage.
You hit the black bear. You burn the black bear.
The black bear is almost dead.
You hit Duvessa. You burn Duvessa. You closely miss Dowan.
The black bear bites you.
The black bear claws you but does no damage. x2
Dowan zaps a wand.
You turn into a filthy swine.
Your +2 war axe of flaming melds into your body.
Your +1 helmet melds into your body.
Your +0 pair of gloves melds into your body.
Your +0 buckler melds into your body.
Your +0 chain mail melds into your body.
Your +2 war axe of flaming stops flaming.
Duvessa hits you with a +1 short sword of protection.
You closely miss the black bear.
The black bear is almost dead.
The black bear bites you! The black bear barely misses you.
The black bear claws you. The black bear bites you.
The black bear claws you. x2
Dowan hits you with a +0 dagger.
You die...

#.. ..##
#..####..#
.####....#..##
.............#
............## #
.............#...#
..........<......#
###..e..#####...#
#..eh.# # #..h###
#..<. .......
....... ..>....
....... .......


You could see Duvessa, a black bear (berserk) and Dowan.

Vanquished Creatures
  An ogre (D:4)
  A jelly (D:4)
  Jessica (D:2)
  Natasha (D:2)
  6 gnolls
  4 adders
  An ufetubus (D:3)
  2 worms
  2 dart slugs (D:2)
  3 orcs (D:3)
  6 endoplasms
  2 giant cockroaches
  6 goblins
  6 hobgoblins
  7 kobolds
  2 quokkas
  10 ball pythons
  5 bats
  7 frilled lizards
  2 rats (D:1)
75 creatures vanquished.

Notes
Turn   | Place    | Note
-------+----------+-------------------------------------------
     0 | D:1      | qw the Gargoyle Fighter began the quest for the Orb.
     0 | D:1      | Reached XP level 1. HP: 14/14 MP: 1/1
     0 | D:1      | 0 ||| qw: Version: 0.2-a-98-g5d7165a
     0 | D:1      | 0 ||| qw: Game counter: 69
     0 | D:1      | 0 ||| qw: Always use a shield: true
     0 | D:1      | 0 ||| qw: God list: Okawaru
     0 | D:1      | 0 ||| qw: Allow faded altars: false
     0 | D:1      | 0 ||| qw: Do Orc after D:15 true
     0 | D:1      | 0 ||| qw: Do second Lair branch before Depths: true
     0 | D:1      | 0 ||| qw: Lair rune preference: random
     0 | D:1      | 0 ||| qw: Plans: Normal, Zot:1-4, God:TSO, Crypt, Tomb,
                  | Pan, Slime:5, Hells, Abyss, Win
     0 | D:1      | 0 ||| PLANNING D:1-11
   103 | D:1      | Reached skill level 2 in Axes
   189 | D:1      | Reached XP level 2. HP: 19/19 MP: 2/2
   393 | D:1      | 393 ||| DROPPING +0 club.
   555 | D:1      | Reached skill level 3 in Axes
   563 | D:1      | Found a faded altar of an unknown god.
   581 | D:1      | Reached XP level 3. HP: 22/23 MP: 3/3
   800 | D:1      | 800 ||| UPGRADING to +1 helmet.
   805 | D:1      | 805 ||| READING scroll labelled NIASUA MAIMY.
   806 | D:1      | 806 ||| READING scroll labelled LAMUBR ELOA.
   811 | D:1      | 811 ||| READING scroll labelled ODDENEM TILA.
   812 | D:1      | 812 ||| READING scroll labelled VAXODA QUSM.
   813 | D:1      | 813 ||| DRINKING 2 inky potions.
   867 | D:2      | Noticed Jessica
   868 | D:2      | 868 ||| Stepping ~*~*~tactically~*~*~ (hiding).
   900 | D:2      | Killed Jessica
   901 | D:2      | Reached XP level 4. HP: 23/28 MP: 4/4
  1020 | D:2      | Noticed Natasha
  1022 | D:2      | HP: 4/28 [Natasha (8)]
  1023 | D:2      | Killed Natasha
  1024 | D:2      | Reached skill level 4 in Axes
  1231 | D:2      | 1231 ||| Stepping ~*~*~tactically~*~*~ (stealth).
  1435 | D:2      | 1435 ||| DROPPING orb of wrath.
  1436 | D:2      | 1436 ||| READING scroll labelled ICILOS NURYKO.
  1437 | D:2      | 1437 ||| READING 2 scrolls labelled CESHIE POALY.
  1438 | D:2      | 1438 ||| READING scroll of brand weapon.
  1438 | D:2      | 1438 ||| BRANDING +0 war axe of electrocution.
  1439 | D:2      | 1439 ||| DROPPING +0 whip.
  1440 | D:2      | 1440 ||| READING scroll labelled NUTRIAVURU.
  1441 | D:2      | 1441 ||| READING 3 scrolls of identify.
  1441 | D:2      | 1441 ||| IDENTIFYING white potion
  1442 | D:2      | 1442 ||| READING 2 scrolls of identify.
  1442 | D:2      | 1442 ||| IDENTIFYING glowing white potion
  1501 | D:3      | Reached XP level 5. HP: 32/32 MP: 5/5
  2038 | D:3      | Found a runed translucent door.
  2039 | D:3      | Noticed Crazy Yiuf
  2258 | D:3      | Reached skill level 5 in Axes
  2395 | D:3      | 2395 ||| UPGRADING to +0 chain mail.
  2405 | D:3      | 2405 ||| DROPPING +0 scale mail.
  2406 | D:3      | 2406 ||| READING scroll labelled DEOFABLIKUDO.
  2407 | D:3      | 2407 ||| READING scroll labelled BYF DOZEDO.
  2408 | D:3      | 2408 ||| READING scroll labelled KOAROU ZILLO.
  2546 | D:4      | 2546 ||| READING scroll of enchant weapon.
  2546 | D:4      | 2546 ||| ENCHANTING +1 war axe of flaming.
  2753 | D:4      | Reached XP level 6. HP: 22/38 MP: 6/6
  3334 | D:4      | Found a large runed translucent door.
  3336 | D:4      | Found a large runed translucent door.
  3338 | D:4      | Noticed qw's ghost (amateur GrCA)
  3342 | D:4      | 3342 ||| UPGRADING to +0 pair of gloves.
  3347 | D:4      | 3347 ||| READING 2 scrolls of identify.
  3347 | D:4      | 3347 ||| IDENTIFYING metallic amethyst potion
  3348 | D:4      | 3348 ||| DROPPING potion of brilliance.
  3365 | D:5      | Entered Level 5 of the Dungeon
  3368 | D:5      | Noticed a black bear
  3368 | D:5      | Noticed Duvessa
  3371 | D:5      | Noticed Dowan
  3379 | D:5      | HP: 7/38 [black bear (4)]
  3379 | D:5      | HP: 3/38 [black bear (1)]
  3379 | D:5      | Slain by Dowan

Levels and vault maps discovered:
D:1:      amcnicky_arrival_feature_with_door, layout_basic,
          ebering_ecumenical_altar_webs
D:2:      layout_rooms, minmay_pentomino_z2, uniq_jessica, uniq_natasha
D:3:      layout_loops_ring, uniq_crazy_yiuf_cottage
D:4:      layout_basic, ebering_ghost_disaster_area, minmay_misc_feat_tiny
D:5:      layout_cave_pools, mainiacjoe_overflow_big_doors, uniq_duvessa,
          uniq_blork_the_orc

Skill      XL: |  1  2  3  4  5 |
---------------+----------------+-----
Axes           | 2 3 4 5 |  5.8
Fighting       | 4 |  4.1
Armour         | |  3.2
Shields        | |  3.2

Action                     |  1- 3 |  4- 6 || total
---------------------------+-------+-------++-------
  Melee: War axe           |    87 |   126 ||   213
         Unarmed           |       |     1 ||     1
    Use: Scroll            |     4 |    11 ||    15
         Potion            |     1 |       ||     1
 Armour: Scale mail        |    30 |    62 ||    92
         Chain mail        |       |    27 ||    27
  Dodge: Dodged            |    46 |    64 ||   110
  Block: Buckler           |    19 |    23 ||    42

Table legend:
 A = Non-vault XP
 B = Vault XP
 C = Vault XP percentage of total XP
 D = Non-vault monster count
 E = Vault monster count
 F = Vault count percentage of total count
                 A         B        C        D         E       F
            +---------+---------+-------+---------+---------+-------
      Total |     420 |      76 |  15.3 |      71 |       4 |   5.3
            +---------+---------+-------+---------+---------+-------
        D:1 |      34 |       0 |   0.0 |      22 |       0 |   0.0
        D:2 |      43 |      76 |  63.9 |      14 |       4 |  22.2
        D:3 |     102 |       0 |   0.0 |      18 |       0 |   0.0
        D:4 |     241 |       0 |   0.0 |      17 |       0 |   0.0
            +---------+---------+-------+---------+---------+-------
